 Dungeon Crawl Stone Soup version 0.29.0-4-gdea44cf6ec (webtiles) character file.

Game seed: 16665976239813335007

35 qw the Ruffian (level 3, -2/28 HPs)
             Began as a Ghoul Fire Elementalist on Aug 29, 2022.
             Slain by a goblin
             ... wielding a +0 dagger
             ... led by Robin
              (3 damage)
             ... on level 2 of the Dungeon.
             The game lasted 00:01:09 (1954 turns).

qw the Ruffian (Ghoul Fire Elementalist)            Turns: 1954, Time: 00:01:09

Health: -2/28      AC:  3    Str: 13    XL:     3   Next: 33%
Magic:  4/4        EV: 12    Int: 10    God:
Gold:   111        SH:  0    Dex:  9    Spells: 4/5 levels left

rFire   . . .      SeeInvis .     - Unarmed
rCold   + . .      Faith    .   (no shield)
rNeg    + + +      Spirit   .   a - +0 robe
rPois   inf        Reflect  .   (no helmet)
rElec   .          Harm     .   (no cloak)
rCorr   .          Rampage  .   (no gloves)
Will    .....                   c - +0 pair of boots
Stlth   ++........              (no amulet)
HPRegen 0.00/turn               (no ring)
MPRegen 0.09/turn               (no ring)

@: inhibited regen
A: claws 1, cold resistance 1, negative energy resistance 3, inhibited
regeneration, torment resistance 2, devour on kill
a: no special abilities


You were on level 2 of the Dungeon.
You visited 1 branch of the dungeon, and saw 2 of its levels.

You collected 111 gold pieces.


Innate Abilities, Weirdness & Mutations

You are immune to poison.
You have sharp fingernails.
Your flesh is cold resistant. (rC+)
You are immune to negative energy. (rN+++)
You do not regenerate when monsters are visible.
You are immune to unholy pain and torment.
You thrive by killing the living.


   Skills:
 - Level 1.2 Fighting
 - Level 1.7 Dodging
 - Level 2.1 Stealth
 + Level 2.8 Unarmed Combat
 - Level 1.7 Spellcasting
 - Level 0.7 Conjurations
 - Level 2.4 Fire Magic


You had 4 spell levels left.
You knew the following spells:

 Your Spells              Type           Power      Damage    Failure   Level
a - Foxfire               Conj/Fire      16%        2x1d4     17%         1

Your spell library contained the following spells:

 Spells                   Type           Power      Damage    Failure   Level
 Scorch                   Fire           10%        2d6       19%         2
 Conjure Flame            Conj/Fire      4%         6-21      45%         3
 Inner Flame              Hex/Fire       3%         N/A       52%         3
 Flame Wave               Conj/Fire      4%         2d5       86%         4

Inventory:

Armour
 a - a +0 robe (worn)
 c - a +0 pair of boots (worn)

Dungeon Overview and Level Annotations

Branches:
Dungeon (2/15)

Altars:

Annotations:
D:2 Robin


Message History

The goblin is severely wounded.
The goblin closely misses you. The goblin barely misses you.
You scratch the goblin.
You kill the goblin!
You feel better. The goblin hits you with a +0 club.
The jackal barely misses you.
You scratch the goblin.
The goblin is severely wounded.
The jackal completely misses you. The goblin hits you with a +0 club.
You barely miss the goblin.
The goblin is moderately wounded.
The jackal bites you. The goblin hits you with a +0 club.
You scratch the goblin.
You kill the goblin!
You feel better. The jackal barely misses you. Robin throws the goblin at you!
The goblin misses you. The jackal closely misses you.
You barely miss the goblin. The jackal barely misses you.
The goblin closely misses you.
You scratch the goblin. You claw the goblin.
You kill the goblin!
You feel better. The jackal misses you.
You closely miss the jackal. Your claw misses the jackal.
The jackal closely misses you. Robin throws the goblin at you!
The goblin closely misses you.
You completely miss the goblin. Your claw misses the goblin.
The jackal barely misses you. x2
You barely miss the goblin. The goblin hits you but does no damage.
The jackal closely misses you.
You scratch the goblin but do no damage.
The goblin hits you with a +0 dagger.
The jackal bites you but does no damage.
You closely miss the goblin.
The jackal bites you but does no damage.
Robin says, "A pitiful Ghoul like you will never find the ORB!"
The goblin hits you with a +0 dagger.
You closely miss the goblin. The jackal closely misses you.
The goblin hits you with a +0 dagger.
You die...

#.#.###.##.##.#..........
#.#........#.............
#.#####.#######.#########
#.# #....................
#.# #....##...#.#########
#.....+...'......#
####.##...#.####.#
#g##...#.# #@######.# #h#
#.#


ggg #.# #.... #.# ...... +# ...##### ... .... You could see Robin, a jackal and
3 goblins.

Vanquished Creatures
  A dart slug (D:2)
  2 endoplasms
  10 goblins
  4 hobgoblins
  2 jackals (D:2)
  A quokka (D:1)
  2 bats
  4 frilled lizards (D:1)
  A kobold (D:1)
  5 rats
32 creatures vanquished.

Notes
Turn   | Place    | Note
-------+----------+-------------------------------------------
     0 | D:1      | qw the Ghoul Fire Elementalist began the quest for the Orb.
     0 | D:1      | Reached XP level 1. HP: 14/14 MP: 2/2
     0 | D:1      | 0 ||| qw: Version: 0.1-a-90-g952f4b7
     0 | D:1      | 0 ||| qw: Game counter: 3773
     0 | D:1      | 0 ||| qw: Always use a shield: true
     0 | D:1      | 0 ||| qw: God list: Okawaru
     0 | D:1      | 0 ||| qw: Allow faded altars: false
     0 | D:1      | 0 ||| qw: Do Orc after D:15 true
     0 | D:1      | 0 ||| qw: Do second Lair branch before Depths: true
     0 | D:1      | 0 ||| qw: Lair rune preference: random
     0 | D:1      | 0 ||| qw: Plans: Normal
     0 | D:1      | 0 ||| PLANNING D:1-11
    29 | D:1      | HP: 3/14 [goblin/+0 dagger (4)]
   490 | D:1      | 490 ||| Stepping ~*~*~tactically~*~*~ (outnumbered).
   491 | D:1      | 491 ||| Stepping ~*~*~tactically~*~*~ (outnumbered).
   492 | D:1      | 492 ||| Stepping ~*~*~tactically~*~*~ (outnumbered).
   495 | D:1      | 495 ||| Stepping ~*~*~tactically~*~*~ (outnumbered).
   502 | D:1      | Reached skill level 1 in Unarmed Combat
   978 | D:1      | Reached skill level 1 in Fighting
   978 | D:1      | Reached XP level 2. HP: 16/23 MP: 3/3
  1308 | D:1      | 1308 ||| Stepping ~*~*~tactically~*~*~ (stealth).
  1310 | D:1      | 1310 ||| Stepping ~*~*~tactically~*~*~ (stealth).
  1684 | D:1      | 1684 ||| UPGRADING to +0 pair of boots.
  1689 | D:1      | 1689 ||| READING scroll labelled KEASOE DAOPS.
  1690 | D:1      | 1690 ||| READING scroll labelled YMEKHL ANEDOYPT.
  1691 | D:1      | 1691 ||| DROPPING potion of magic.
  1868 | D:2      | 1868 ||| Stepping ~*~*~tactically~*~*~ (stealth).
  1870 | D:2      | 1870 ||| Stepping ~*~*~tactically~*~*~ (stealth).
  1916 | D:2      | Noticed Robin
  1925 | D:2      | Reached XP level 3. HP: 26/28 MP: 4/4
  1945 | D:2      | HP: 4/28 [goblin/+0 club[Robin] (5)]
  1952 | D:2      | HP: 2/28 [goblin/+0 dagger[Robin] (3)]
  1954 | D:2      | Slain by a goblin

Levels and vault maps discovered:
D:1:      amcnicky_arrival_single_pillar, layout_loops_corners
D:2:      layout_basic, uniq_robin

Skill      XL: |  1  2 |
---------------+-------+-----
Unarmed Combat | 1 2 |  2.8
Fighting       | 1 |  1.2
Dodging        | |  1.7
Stealth        | |  2.1
Spellcasting   | |  1.7
Conjurations   | |  0.7
Fire Magic     | |  2.4

Action                   || total
-------------------------++-------
Melee: Unarmed           ||   133
       Punch             ||     2
  Use: Scroll            ||     2
Armor: Robe              ||    24
Dodge: Dodged            ||    71

Table legend:
 A = Non-vault XP
 B = Vault XP
 C = Vault XP percentage of total XP
 D = Non-vault monster count
 E = Vault monster count
 F = Vault count percentage of total count
                 A         B        C        D         E       F
            +---------+---------+-------+---------+---------+-------
      Total |      37 |      13 |  26.0 |      24 |       8 |  25.0
            +---------+---------+-------+---------+---------+-------
        D:1 |      21 |       0 |   0.0 |      15 |       0 |   0.0
        D:2 |      16 |      13 |  44.8 |       9 |       8 |  47.1
            +---------+---------+-------+---------+---------+-------
